 Dungeon Crawl Stone Soup version 0.30-a0-782-ge64f9170bb (webtiles) character file.

Game seed: 14412971491250842323

18 theswoord the Twirler (level 2, -2/22 HPs)
             Began as a Demonspawn Gladiator on Mar 13, 2023.
             Slain by a gnoll
             ... wielding a +0 club
              (6 damage)
             ... on level 1 of the Dungeon.
             The game lasted 00:01:04 (194 turns).

theswoord the Twirler (Demonspawn Gladiator)         Turns: 194, Time: 00:01:04

Health: -2/22      AC:  4    Str: 14    XL:     2   Next: 48%
Magic:  2/2        EV: 12    Int:  9    God:
Gold:   9          SH:  0    Dex: 14    Spells: 1/1 levels left

rFire   . . .      SeeInvis .    a - +0 quarterstaff
rCold   . . .      Faith    .    (shield currently unavailable)
rNeg    . . .      Spirit   .    b - +0 leather armour
rPois   .          Reflect  .    c - +0 helmet
rElec   .          Harm     .    (no cloak)
rCorr   .          Rampage  .    (no gloves)
Will    .....                    (no boots)
Stlth   +                        (no amulet)
HPRegen 0.23/turn                (no ring)
MPRegen 0.08/turn                (no ring)

@: no status effects
A: powered by death 1
a: no special abilities


You were on level 1 of the Dungeon.
You visited 1 branch of the dungeon, and saw 1 of its levels.

You collected 9 gold pieces.

Inventory:

Hand Weapons
 a - a +0 quarterstaff (weapon)
Missiles
 d - 3 throwing nets (quivered)
 e - 3 javelins
Armour
 b - a +0 leather armour (worn)
 c - a +0 helmet (worn)
Scrolls
 f - a scroll of identify {unknown}
Potions
 g - a potion of heal wounds {unknown}


   Skills:
 - Level 2.0 Fighting
 + Level 3.5 Staves
 - Level 1.7 Throwing
 - Level 2.6 Dodging


You had one spell level left.
You didn't know any spells.
Your spell library contained the following spells:

 Spells                   Type           Power      Damage    Failure   Level
 Necrotise                Necr           0%         1d4       45%         1
 Eringya's Noxious Bog    Tmut/Pois      0%         N/A       100%        6
 Necromutation            Tmut/Necr      0%         N/A       100%        8


Dungeon Overview and Level Annotations

Branches:
Dungeon (1/15)

Altars:


Innate Abilities, Weirdness & Mutations

You regenerate a little health from kills.


Message History

The ball python constricts you.
You sock the ball python!
You kill the ball python!
No target in view!
No target in view!
No target in view!
g - a blue potion A ball python comes into view.
The ball python hisses angrily.
A ball python is nearby!
You hit the ball python.
You kill the ball python!
No target in view!
No target in view!
No target in view!
No target in view!
You see here a ball python corpse.
A gnoll and a bat come into view.
Found 7 stones and a scroll labelled LIAQEJ SAEMN.
The gnoll shouts!
There are monsters nearby!
There are monsters nearby!
You hit the bat.
You kill the bat!
You hit the gnoll but do no damage. The gnoll hits you with a +0 club.
You hit the gnoll. The gnoll hits you with a +0 club.
You closely miss the gnoll. The gnoll hits you but does no damage.
You closely miss the gnoll. The gnoll closely misses you.
You hit the gnoll. The gnoll completely misses you.
You closely miss the gnoll. The gnoll barely misses you.
You closely miss the gnoll. The gnoll hits you with a +0 club.
* * * LOW HITPOINT WARNING * * *
The gnoll hits you with a +0 club.
* * * LOW HITPOINT WARNING * * *
You hit the gnoll but do no damage. The gnoll hits you with a +0 club.
* * * LOW HITPOINT WARNING * * *
You hit the gnoll. The gnoll hits you with a +0 club.
* * * LOW HITPOINT WARNING * * *
You closely miss the gnoll. The gnoll hits you with a +0 club.
You die...

.## ..# ..# ## ..####
##. .....# #.. ..##.####
.. ##### ..##....## #.##
..... .....##..#
#.g#......
..##...#.###.# #@#......
..####.......###........
..# ##.#.#####..........
.####..#...###.###.....(
.......###..#..# ......
###.##....#...## ......
##..#####.##†## ...?.
.....##......# .....
..##..#.##.#.# ####


You could see a gnoll.

Vanquished Creatures
  4 ball pythons (D:1)
  An endoplasm (D:1)
  A goblin (D:1)
  A hobgoblin (D:1)
  2 jackals (D:1)
  3 kobolds (D:1)
  A quokka (D:1)
  2 bats (D:1)
  A frilled lizard (D:1)
16 creatures vanquished.

Notes
Turn   | Place    | Note
-------+----------+-------------------------------------------
     0 | D:1      | theswoord the Demonspawn Gladiator began the quest for the
                  | Orb.
     0 | D:1      | Reached XP level 1. HP: 16/16 MP: 1/1
    68 | D:1      | Reached skill level 3 in Staves
    73 | D:1      | Got Xapsug's Vellum of the Evolving Cemetery
    87 | D:1      | Gained mutation: You regenerate a little health from kills.
                  | [demonic ancestry]
    87 | D:1      | Reached XP level 2. HP: 22/22 MP: 2/2
   194 | D:1      | Slain by a gnoll

Skill      XL: |  1 |
---------------+----+-----
Staves         | 3 |  3.5
Fighting       | |  2.0
Throwing       | |  1.7
Dodging        | |  2.6

Action                     || total
---------------------------++-------
  Melee: Quarterstaff      ||    40
 Armour: Leather armour    ||     9
  Dodge: Dodged            ||    28

Levels and vault maps discovered:
D:1:      ncdulo_smallfort, layout_rooms, minmay_shallow_snake_nest
